 Dungeon Crawl Stone Soup version 0.31-a0-728-g01b46875f1 (webtiles) character file.

Game seed: 14574034955750329088

1953 jlumianski the Firebug (level 9, -1/53 HPs)
             Began as an Octopode Fire Elementalist on Sept 11, 2023.
             Was an Initiate of Yredelemnul.
             Shot with an arrow by a centaur (17 damage)
             ... on level 7 of the Dungeon.
             The game lasted 01:01:00 (8529 turns).

jlumianski the Firebug (Octopode Fire Elementalist) Turns: 8529, Time: 01:01:00

Health: -1/53      AC:  1    Str:  9    XL:     9   Next: 19%
Magic:  12/17      EV: 18    Int: 22    God:    Yredelemnul [......]
Gold:   313        SH:  0    Dex: 12    Spells: 8/18 levels left

rFire   . . .        t - +7 quick blade "Embalmer" {pain, rC+ Str+2 Stlth-}
rCold   + . .        (no shield)
rNeg    + . .        y - +0 mask of the Dragon {Will+ Slay+3 SInv}
rPois   +            (no amulet)
rElec   .            F - +5 ring of evasion
rCorr   .            w - ring of positive energy
SInv    +            (no ring)
Will    ++...        (no ring)
Stlth   +++          (no ring)
HPRegen 0.28/turn    (no ring)
MPRegen 0.15/turn    (no ring)
                     (no ring)

%: no passive effects
@: no status effects
A: almost no armour, amphibious, 8 rings, camouflage 1, gelatinous body 1,
(nimble swimmer 1), tentacles, frail 1, strong-willed 1, poison resistance
a: Renounce Religion, Recall Undead Harvest


You were on level 7 of the Dungeon.
You worshipped Yredelemnul.
Yredelemnul was noncommittal.
You visited 2 branches of the dungeon, and saw 8 of its levels.

You collected 313 gold pieces.

Inventory:

Hand Weapons
 e - a +0 short sword
 s - a +0 short sword
 t - the +7 quick blade "Embalmer" (weapon) {pain, rC+ Str+2 Stlth-}
   (You acquired it on level 3 of the Dungeon)

   Str+2:     It affects your strength (+2).
   rC+:       It protects you from cold.
   Stlth-:    It makes you less stealthy.
 v - a +4 dagger
Missiles
 c - 11 poisoned darts
 j - 86 stones
 r - 11 boomerangs (quivered)
 D - a throwing net
 G - 2 atropa-tipped darts
Armour
 y - the +0 mask of the Dragon (worn) {Will+ Slay+3 SInv}
   (You acquired it on level 3 of the Dungeon)

   Slay+3:    It affects your accuracy & damage with ranged weapons and melee
   (+3).
   Will+:     It increases your willpower.
   SInv:      It lets you see invisible.
Jewellery
 w - a ring of positive energy (right tentacle)
 F - a +5 ring of evasion (left tentacle)
Talismans
 p - a flux talisman
Wands
 q - a wand of paralysis (7)
 E - a wand of roots (14)
Scrolls
 b - a scroll of silence {unknown}
 f - 3 scrolls of vulnerability
 g - a scroll of summoning {unknown}
 h - 3 scrolls of teleportation
 i - a scroll of poison {unknown}
 l - a scroll of blinking {unknown}
 m - a scroll of enchant weapon {unknown}
 B - 2 scrolls of immolation {unknown}
 C - a scroll of enchant armour {unknown}
Potions
 a - a potion of magic
 d - 2 potions of mutation
 k - a potion of haste
 n - a potion of invisibility
 o - 2 potions of attraction
 u - a potion of ambrosia {unknown}
 x - a potion of berserk rage {unknown}
 z - a potion of curing {unknown}
 A - a potion of lignification {unknown}
 H - a potion of enlightenment {unknown}


   Skills:
 * Level 4.4 Fighting
 * Level 5.3 Short Blades
 + Level 3.1 Dodging
 + Level 5.8 Stealth
 + Level 5.3 Spellcasting
 + Level 2.8 Conjurations
 + Level 5.9 Fire Magic


You had 8 spell levels left.
You knew the following spells:

 Your Spells              Type           Power      Damage    Failure   Level
a - Foxfire               Conj/Fire      100%       2x1d9     1%          1
b - Scorch                Fire           62%        2d7       1%          2
c - Kiss of Death         Conj/Necr      48%        2d9       5%          1
d - Inner Flame           Hex/Fire       18%        N/A       9%          3
e - Volatile Blastmotes   Fire/Tloc      36%        2d13      9%          3

Your spell library contained the following spells:

 Spells                   Type           Power      Damage    Failure   Level
 Flame Wave               Conj/Fire      25%        2d8       16%         4
 Confusing Touch          Hex            5%         N/A       28%         3
 Ozocubu's Armour         Ice            5%         N/A       28%         3
 Summon Guardian Golem    Hex/Summ       5%         N/A       28%         3
 Dispel Undead            Necr           6%         3d8       67%         4
 Metabolic Englaciation   Hex/Ice        2%         N/A       95%         5
 Orb of Destruction       Conj           9%         9d6       100%        7
 Spellforged Servitor     Conj/Summ      6%         N/A       100%        7
 Simulacrum               Ice/Necr       Unusable   N/A       N/A         6

Dungeon Overview and Level Annotations

Branches:
Dungeon (7/15)             Temple (1/1) D:6

Altars:
Ashenzari
Cheibriados
Dithmenos
Elyvilon
Fedhas
Gozag
Hepliaklqana
Kikubaaqudgha
Makhleb
Nemelex Xobeh
Qazlal
Ru
Sif Muna
Trog
Vehumet
Wu Jian
Xom
Yredelemnul
Zin
The Shining One

Annotations:
D:4 Sigmund


Innate Abilities, Weirdness & Mutations

You cannot wear most types of armour.
You are amphibious.
You can wear up to eight rings at the same time.
Your skin changes colour to match your surroundings (Stealth+).
Your rubbery body absorbs attacks. (AC +1, EV +1)
((You are camouflaged when in or above water. (Stealth+)))
You have tentacles for arms and can constrict up to eight enemies at once.
You are frail. (-10% HP)
You are strong-willed. (Will+)
Your system is resistant to poisons. (rPois)


Message History

The troll barely misses your bullfrog zombie.
Casting: Scorch (safe; 1% risk of failure)
Confirm with . or Enter, or press ? or * to list all spells.
Flames lash the troll.
The troll is burned terribly!
The troll is heavily wounded.
Your bullfrog zombie hits the troll but does no damage.
The troll bites your bullfrog zombie!!
Your bullfrog zombie is destroyed!
Casting: Scorch (safe; 1% risk of failure)
Confirm with . or Enter, or press ? or * to list all spells.
Flames lash the troll.
The troll is burned terribly!
The troll is severely wounded.
You hear a shout!
The troll bites your spectral white imp but does no damage.
The troll claws your spectral white imp.
The troll claws your spectral white imp!
Your spectral white imp is destroyed!
Casting: Scorch (safe; 1% risk of failure)
Confirm with . or Enter, or press ? or * to list all spells.
You conjure some foxfire!
The foxfire hits the troll but does no damage.
The troll is severely wounded.
The foxfire hits the troll but does no damage.
The troll is severely wounded.
You hit the troll. You squeeze the troll. You hit the troll but do no damage.
The troll is almost dead.
The troll closely misses you. The troll completely misses you.
The troll claws you.
The centaur wields a +0 orcbow.
The centaur shoots an arrow.
The arrow completely misses you. The troll attacks as it pursues you!
The troll bites you. The troll claws you. The troll barely misses you.
The troll attacks as it pursues you! The troll closely misses you.
The troll misses you. The troll claws you!
* * * LOW HITPOINT WARNING * * *
The troll attacks as it pursues you! The troll closely misses you.
The troll misses you. The troll barely misses you.
The centaur shoots an arrow.
The arrow closely misses you.
The centaur shoots an arrow.
The arrow hits you!
You die...
Your body rises from the dead as a mindless zombie.

.####....## #....## #.## #
..........# #...## #.#
..........######...# #.#
.....<.....##.....## #.#
...............##..######.#######
....###.....######...............
.... #....# ###..[............
... ###..####....c.....###....
... .......<@.T.............. ..
#.###..####..#..###.###.. .# ##.
##...## #.. . ## .....## #..#
#.#### #.. .. #. ##


You could see a troll (combustible) and a centaur.

Vanquished Creatures
  A steam dragon (D:6)
  2 water moccasins
  2 ice beasts (D:6)
  2 ogres
  A kobold brigand (D:6)
  A bullfrog (D:7)
  4 scorpions
  A howler monkey (D:6)
  6 hounds
  4 jellies
  2 gnoll boudas (D:5)
  An orc priest (D:3)
  4 iguanas
  An orc wizard (D:3)
  15 gnolls
  8 adders
  A white imp (D:7)
  An ufetubus (D:5)
  A worm (D:4)
  3 dart slugs
  11 orcs
  6 ball pythons
  7 endoplasms
  6 giant cockroaches
  5 goblins
  8 hobgoblins
  8 jackals
  3 quokkas
  6 bats
  5 frilled lizards
  19 kobolds
  4 rats
149 creatures vanquished.

Vanquished Creatures (others)
  A bullfrog zombie (D:7)
  A spectral white imp (D:7)
  A kobold zombie (D:6)
  246 foxfires
249 creatures vanquished.

Grand Total: 398 creatures vanquished

Notes
Turn   | Place    | Note
-------+----------+-------------------------------------------
     0 | D:1      | jlumianski the Octopode Fire Elementalist began the quest
                  | for the Orb.
     0 | D:1      | Reached XP level 1. HP: 11/11 MP: 3/3
   198 | D:1      | Reached XP level 2. HP: 17/17 MP: 5/5
   217 | D:1      | Learned a level 2 spell: Scorch
   322 | D:1      | You fall into a shaft and drop 1 floor!
   676 | D:1      | Reached XP level 3. HP: 21/21 MP: 4/6
  1319 | D:2      | Reached XP level 4. HP: 27/27 MP: 4/7
  1817 | D:3      | Upgraded the game from 0.31-a0-716-gc7603755dd to
                  | 0.31-a0-728-g01b46875f1
  2458 | D:3      | Reached skill level 1 in Fighting
  2489 | D:3      | Reached XP level 5. HP: 33/33 MP: 7/9
  2774 | D:3      | Reached skill level 1 in Short Blades
  2874 | D:3      | Found a shadowy altar of Dithmenos.
  3081 | D:3      | Found a snail-covered altar of Cheibriados.
  3414 | D:3      | Identified 2 scrolls of acquirement
  3414 | D:3      | Acquired the +0 mask of the Dragon {Will+ Slay+3 SInv}
  3414 | D:3      | Found the +0 mask of the Dragon {Will+ Slay+3 SInv}
  3421 | D:3      | Acquired the +7 quick blade "Embalmer" {pain, rC+ Str+2
                  | Stlth-}
  3667 | D:3      | Reached XP level 6. HP: 34/38 MP: 3/10
  3756 | D:5      | Entered Level 5 of the Dungeon
  4871 | D:4      | Noticed Sigmund
  4933 | D:5      | Gained mutation: You are frail. (-10% HP) [potion of
                  | mutation]
  4933 | D:5      | Gained mutation: Your system is resistant to poisons.
                  | (rPois) [potion of mutation]
  4933 | D:5      | Gained mutation: You are strong-willed. (Will+) [potion of
                  | mutation]
  4981 | D:5      | Reached XP level 7. HP: 39/39 MP: 8/12
  6033 | D:5      | Reached skill level 5 in Fire Magic
  6190 | D:5      | Reached XP level 8. HP: 45/45 MP: 14/14
  6485 | D:5      | Reached skill level 5 in Stealth
  6488 | D:5      | Learned a level 1 spell: Kiss of Death
  6492 | D:5      | Learned a level 3 spell: Inner Flame
  6496 | D:5      | Learned a level 3 spell: Volatile Blastmotes
  7049 | D:6      | Found a staircase to the Ecumenical Temple.
  7058 | Temple   | Entered the Ecumenical Temple
  7159 | Temple   | Became a worshipper of Yredelemnul the Dark
  7291 | D:6      | Reached * piety under Yredelemnul
  7292 | D:6      | Reached skill level 5 in Spellcasting
  7688 | D:6      | Reached ** piety under Yredelemnul
  7689 | D:6      | Reached XP level 9. HP: 13/52 MP: 11/16
  8045 | D:6      | Reached skill level 5 in Short Blades
  8146 | D:6      | Reached *** piety under Yredelemnul
  8511 | D:7      | Noticed a troll
  8529 | D:7      | Shot with an arrow by a centaur

Illustrated notes

Levels and vault maps discovered:
D:1:      minmay_arrival_four_houses, layout_rooms, minmay_3d_cube
D:2:      layout_basic
D:3:      minmay_spotlight, layout_basic, grunt_dithmenos_smoke_and_mirrors,
          cheibriados_altar_1, minmay_fractal_squares_gapless_5
D:4:      minmay_skewed_foursquare, layout_rooms, minmay_cut_off, uniq_sigmund
D:5:      layout_basic, serial_rivers, chequers_serial_rivers_micro_d,
          chequers_serial_rivers_small_3, chequers_serial_rivers_room_b,
          chequers_serial_rivers_small_a, chequers_serial_rivers_small_3,
          hangedman_abyss_or_decor_stabs, kennysheep_big_empty_room
D:6:      layout_basic, lemuel_temple_firewalk_b, reono_crystal_passage
D:7:      minmay_the_grid_octo_tiled_octocenter [minmay_the_grid_octo_77,
          minmay_the_grid_octo_fat_diamond, minmay_the_grid_octo_concentric,
          minmay_the_grid_octo_clover_2,
          minmay_the_grid_octo_prize_square_snowflake,
          minmay_the_grid_square_5x5_longway, minmay_the_grid_square_5x5_meh,
          minmay_the_grid_square_5x5_checkered_statues,
          minmay_the_grid_square_5x5_tie], layout_layer_cave,
          eat_drink_and_be_merry_uskayaw, uniq_maggie, uniq_pikel, uniq_joseph
Temple:   compressed_dpeg_circular_temple

Skill      XL: |  1  2  3  4  5  6  7  8  9 |
---------------+----------------------------+-----
Stealth        | 3 4 5 |  5.8
Fighting       | 1 2 4 |  4.4
Short Blades   | 1 2 3 4 5 |  5.3
Fire Magic     | 4 5 |  5.9
Spellcasting   | 3 4 5 |  5.3
Conjurations   | 2 |  2.8
Dodging        | 3 |  3.1

Action                     |  1- 3 |  4- 6 |  7- 9 || total
---------------------------+-------+-------+-------++-------
  Melee: Unarmed           |    17 |     1 |       ||    18
         Constrict         |     8 |    13 |    16 ||    37
         Tentacles         |     3 |     6 |    19 ||    28
         Short sword       |       |    18 |       ||    18
         Quick blade       |       |    30 |    78 ||   108
         Dagger            |       |     3 |       ||     3
         Punch             |       |     1 |     1 ||     2
  Throw: Boomerang         |       |     1 |       ||     1
   Cast: Foxfire           |    37 |    72 |    33 ||   142
         Scorch            |     1 |    30 |    22 ||    53
         Kiss of Death     |       |       |     1 ||     1
    Use: Potion            |     1 |     1 |       ||     2
         Scroll            |       |     7 |     1 ||     8
   Stab: Sleeping          |     1 |     5 |     7 ||    13
 Armour: Skin              |    23 |    58 |    43 ||   124
  Dodge: Dodged            |    48 |    76 |    54 ||   178

Table legend: (Time is in decaauts)
 A = Elapsed time spent in this place.
 B = Non-inter-level travel time spent in this place.
 C = Inter-level travel time spent in this place.
 D = Time resting spent in this place.
 E = Time spent auto-exploring this place.
 F = Levels seen in this place.
 G = Mean time per level.
                   A        B        C        D        E       F      G
               +--------+--------+--------+--------+--------+-----+--------+
         Total |   8551 |   8486 |     65 |   1665 |   3450 |   8 | 1068.9 |
       Dungeon |   8410 |   8345 |     65 |   1665 |   3450 |   7 | 1201.4 |
        Temple |    140 |    140 |      0 |      0 |      0 |   1 |  140.0 |
               +--------+--------+--------+--------+--------+-----+--------+

Top non-repeatable levels by time:
     D:3: 1880 daAuts
     D:5: 1580 daAuts
     D:6: 1504 daAuts
     D:4: 1250 daAuts
     D:2: 1156 daAuts
     D:1: 844 daAuts
     D:7: 194 daAuts
  Temple: 140 daAuts
